[Event "European Womens-ch 2025"]
[Site "Rhodes"]
[Date "2025.04.07"]
[Round "7.59"]
[White "Alexandri, Vasiliki"]
[Black "Shuqja, Klean"]
[Result "0-1"]
[Annotator "NA RC"]
[ECO "D36"]
[WhiteElo "1927"]
[BlackElo "2049"]
[PlyCount "70"]
[EventDate "2025.03.29"]
[EventType "swiss"]
[EventCountry "GRE"]
[SourceTitle "playchess.com"]
[Source "ChessBase"]
[SourceQuality "1"]
[TimeControl "40/5400+30:1800+30"]

1. d4 Nf6 2. c4 e6 3. Nc3 Bb4 4. Qc2 d5 5. cxd5 exd5 6. Bg5 h6 7. Bh4 O-O 8. e3 Re8 9. Bd3 Be7 10. Nge2 b6 11. O-O Bb7 12. Rad1 Nbd7 13. f3 c5 14. Bf2 a6 15. Bf5 Qc7 16. Bxd7 Qxd7 17. e4 dxe4 18. dxc5 Qc6 19. Nxe4 Nxe4 20. fxe4 Bxc5 21. Bxc5 Rxe4 22. Ng3 Re5 23. Rd6 Qxc5+ 24. Qxc5 bxc5 25. Rd7 Bd5 26. Rc7 Bxa2 27. Nf5 Rae8 28. Nd6 R8e7 29. Rc8+ Kh7 30. Ra8 Re2 31. Rxa6 Rxb2 32. Ra3 Bb3 33. Rc1 Ree2 34. g3 Rg2+ 35. Kh1 Rxh2+ 0-1

[Event "European Womens-ch 2025"]
[Site "Rhodes"]
[Date "2025.04.07"]
[Round "7.60"]
[White "Korenova, Martina"]
[Black "Mitraka, Chrysoula-Paraskevi"]
[Result "1-0"]
[Annotator "NA RC"]
[ECO "E04"]
[WhiteElo "2045"]
[BlackElo "1820"]
[PlyCount "67"]
[EventDate "2025.03.29"]
[EventType "swiss"]
[EventCountry "GRE"]
[SourceTitle "playchess.com"]
[Source "ChessBase"]
[SourceQuality "1"]
[TimeControl "40/5400+30:1800+30"]

1. d4 d5 2. Nf3 Nf6 3. c4 e6 4. g3 dxc4 5. Bg2 Nc6 6. O-O Rb8 7. Nc3 b5 8. Ne5 Nxe5 9. dxe5 Nd7 10. Qd4 Bb7 11. Rd1 Bxg2 12. Kxg2 c5 13. Qg4 Qc7 14. a4 a6 15. axb5 axb5 16. Bf4 h6 17. h4 g6 18. Ne4 Be7 19. Nd6+ Bxd6 20. Rxd6 Rb6 21. Qf3 Rb8 22. Rad1 Rd8 23. Qe3 O-O 24. Bxh6 Rfe8 25. Bg5 f6 26. exf6 Kf7 27. Qd2 Qb7+ 28. f3 b4 29. Rxd7+ Rxd7 30. Qxd7+ Qxd7 31. Rxd7+ Kf8 32. Bh6+ Kg8 33. f7+ Kh8 34. fxe8=Q# 1-0

[Event "European Womens-ch 2025"]
[Site "Rhodes"]
[Date "2025.04.07"]
[Round "7.61"]
[White "Caku, Kler"]
[Black "Harutyunyan, Gabriela"]
[Result "1-0"]
[Annotator "NA RC"]
[ECO "B45"]
[WhiteElo "2036"]
[BlackElo "1793"]
[PlyCount "87"]
[EventDate "2025.03.29"]
[EventType "swiss"]
[EventCountry "GRE"]
[SourceTitle "playchess.com"]
[Source "ChessBase"]
[SourceQuality "1"]
[TimeControl "40/5400+30:1800+30"]

1. e4 c5 2. Nf3 Nc6 3. d4 cxd4 4. Nxd4 Nf6 5. Nc3 e6 6. Ndb5 Bb4 7. a3 Bxc3+ 8. Nxc3 d5 9. exd5 exd5 10. Bd3 O-O 11. O-O d4 12. Ne2 Bg4 13. Bg5 Re8 14. f3 Bh5 15. Nf4 Bg6 16. Nxg6 hxg6 17. Qd2 Ne5 18. Rad1 Qb6 19. Bxf6 Qxf6 20. Be4 Rad8 21. Qb4 Rd7 22. Rfe1 Qg5 23. Kh1 Red8 24. Bd3 Nc6 25. Qd2 Qxd2 26. Rxd2 Ne7 27. Bb5 Rc7 28. Kg1 Nf5 29. Ba4 Rcc8 30. Re4 Rd6 31. g4 Nh4 32. Kf2 a5 33. Re5 Rf6 34. Rd3 Rb6 35. Kg3 g5 36. Rxg5 Ng6 37. Rxd4 Rxb2 38. Bb3 Nf8 39. Rxa5 Rb1 40. Rb4 Rg1+ 41. Kf2 Rd1 42. Rxb7 Nd7 43. Rf5 Rc5 44. Rxd7 1-0

[Event "European Womens-ch 2025"]
[Site "Rhodes"]
[Date "2025.04.07"]
[Round "7.62"]
[White "Hariharan, Shambavi"]
[Black "Recica, Jona"]
[Result "0-1"]
[Annotator "NA RC"]
[ECO "D30"]
[WhiteElo "2024"]
[BlackElo "1716"]
[PlyCount "74"]
[EventDate "2025.03.29"]
[EventType "swiss"]
[EventCountry "GRE"]
[SourceTitle "playchess.com"]
[Source "ChessBase"]
[SourceQuality "1"]
[TimeControl "40/5400+30:1800+30"]

1. d4 d5 2. c4 c6 3. Nf3 Nf6 4. e3 e6 5. b3 Bd6 6. Bb2 Nbd7 7. Nbd2 O-O 8. Bd3 Re8 9. Qc2 h6 10. Ne5 Qc7 11. f4 b6 12. O-O c5 13. Ndf3 Bb7 14. Qf2 Ne4 15. Qh4 f5 16. cxd5 Bxd5 17. Bb5 Nef6 18. Nxd7 Nxd7 19. dxc5 Bxc5 20. Qg3 Bxe3+ 21. Kh1 Re7 22. Bxd7 Bxf4 23. Bxe6+ Rxe6 24. Qh3 Rf8 25. Nd4 Rg6 26. Rf2 Be4 27. Nf3 Be3 28. Ne5 Bxf2 29. Nxg6 Rd8 30. Qc3 Qxc3 31. Bxc3 Rd3 32. Be5 Rd2 33. Bf4 Rc2 34. Rd1 Bc5 35. Bd2 Rxa2 36. b4 Bxg2+ 37. Kxg2 Bxb4 0-1

[Event "European Womens-ch 2025"]
[Site "Rhodes"]
[Date "2025.04.07"]
[Round "7.63"]
[White "Bania, Eleni"]
[Black "Acarbay, Algi"]
[Result "0-1"]
[Annotator "NA RC"]
[ECO "B36"]
[WhiteElo "1809"]
[BlackElo "2052"]
[PlyCount "78"]
[EventDate "2025.03.29"]
[EventType "swiss"]
[EventCountry "GRE"]
[SourceTitle "playchess.com"]
[Source "ChessBase"]
[SourceQuality "1"]
[TimeControl "40/5400+30:1800+30"]

1. e4 c5 2. Nf3 a6 3. c4 Nc6 4. d4 cxd4 5. Nxd4 Nxd4 6. Qxd4 d6 7. Nc3 Nf6 8. Be2 g6 9. O-O Bg7 10. Be3 O-O 11. Qd2 Be6 12. Rac1 Qa5 13. b4 Qxb4 14. Rb1 Qa5 15. Rxb7 Rfe8 16. f3 Rac8 17. Nd5 Qxd2 18. Bxd2 Bxd5 19. cxd5 Rc2 20. Rd1 Rxa2 21. Kf1 Kf8 22. Ra7 Rb8 23. Rxa6 Rxa6 24. Bxa6 Nd7 25. Rc1 Nc5 26. Bc4 Bd4 27. Be2 Kg7 28. g3 Rb2 29. Bc3 Bxc3 30. Rxc3 Kf6 31. Kf2 g5 32. h3 Rb1 33. Ra3 Rh1 34. Bf1 g4 35. hxg4 Rh6 36. Bg2 Rg6 37. Ke3 Rg8 38. Bh3 Rb8 39. Kf4 h6 0-1

[Event "European Womens-ch 2025"]
[Site "Rhodes"]
[Date "2025.04.07"]
[Round "7.65"]
[White "Korinioti, Myrto"]
[Black "Revelioti, Eleni Nefeli"]
[Result "1-0"]
[Annotator "NA COMBH"]
[ECO "B76"]
[WhiteElo "1667"]
[BlackElo "1470"]
[PlyCount "87"]
[EventDate "2025.03.29"]
[EventType "swiss"]
[EventCountry "GRE"]
[SourceTitle "playchess.com"]
[Source "ChessBase"]
[SourceQuality "1"]
[TimeControl "40/5400+30:1800+30"]

1. e4 c5 2. Nf3 d6 3. d4 cxd4 4. Nxd4 Nf6 5. Nc3 g6 6. Be3 Bg7 7. f3 Nc6 8. Qd2 Bd7 9. O-O-O O-O 10. g4 e5 11. Nde2 Ne8 12. h4 Qa5 13. h5 b5 14. hxg6 fxg6 15. Bh6 Rf7 16. Bxg7 Rxg7 17. Kb1 b4 18. Qd5+ Qxd5 19. Nxd5 Be6 20. Rd3 a5 21. Kc1 Rb7 22. a4 Kg7 23. b3 Rc8 24. Bh3 Rd8 25. g5 Bxd5 26. Rxd5 Nc7 27. Rd3 Na6 28. Rhd1 Rc7 29. Rxd6 Rxd6 30. Rxd6 Nc5 31. Kd2 Nb7 32. Rd7+ Rxd7+ 33. Bxd7 Ne7 34. Nc1 h5 35. gxh6+ Kxh6 36. Nd3 g5 37. Nxe5 Ng6 38. Nxg6 Kxg6 39. Ke3 Kh5 40. Bg4+ Kh4 41. e5 Nd8 42. Bd7 Nb7 43. e6 Nd6 44. e7 1-0

[Event "European Womens-ch 2025"]
[Site "Rhodes"]
[Date "2025.04.07"]
[Round "7.66"]
[White "Karadas, Hena"]
[Black "Kaka, Rengina Tsampika"]
[Result "1-0"]
[Annotator "NA RC"]
[ECO "D03"]
[WhiteElo "1931"]
[BlackElo "1509"]
[PlyCount "117"]
[EventDate "2025.03.29"]
[EventType "swiss"]
[EventCountry "GRE"]
[SourceTitle "playchess.com"]
[Source "ChessBase"]
[SourceQuality "1"]
[TimeControl "40/5400+30:1800+30"]

1. d4 d5 2. Nf3 Nf6 3. Bg5 Bf5 4. e3 h6 5. Bh4 e6 6. Bd3 Bxd3 7. Qxd3 Nbd7 8. Nbd2 Be7 9. h3 O-O 10. g4 Nh7 11. Bxe7 Qxe7 12. O-O-O c5 13. c3 a6 14. Rdg1 Ng5 15. Nxg5 hxg5 16. h4 gxh4 17. g5 g6 18. Rxh4 Kg7 19. e4 Rh8 20. Rf4 Rh5 21. Rfg4 Rah8 22. exd5 exd5 23. dxc5 Qxc5 24. Qd4+ Qxd4 25. Rxd4 Rh1 26. Rxh1 Rxh1+ 27. Kc2 Nf8 28. Rxd5 Ne6 29. Ne4 Rg1 30. a4 Rg4 31. Re5 Kf8 32. a5 Ke7 33. b4 Kd8 34. Nd6 Nxg5 35. Rxg5 Rxg5 36. Nxf7+ Ke7 37. Nxg5 Kf6 38. Ne4+ Kf5 39. Nc5 Kf4 40. Kd2 Kf3 41. Ke1 Kf4 42. Nxb7 Ke5 43. Nc5 Kd6 44. Nxa6 Kc6 45. c4 Kb7 46. b5 Ka7 47. c5 g5 48. c6 g4 49. c7 Kb7 50. b6 g3 51. fxg3 Kc8 52. g4 Kb7 53. g5 Kc8 54. g6 Kb7 55. g7 Kxa6 56. c8=Q+ Kxa5 57. g8=Q Kb5 58. Qb3+ Ka5 59. Qa8# 1-0

[Event "European Womens-ch 2025"]
[Site "Rhodes"]
[Date "2025.04.07"]
[Round "7.67"]
[White "Saraci, Ndriqona"]
[Black "Lamprianou, Marianna"]
[Result "1/2-1/2"]
[Annotator "NA COMBH"]
[ECO "C54"]
[WhiteElo "1692"]
[BlackElo "1498"]
[PlyCount "134"]
[EventDate "2025.03.29"]
[EventType "swiss"]
[EventCountry "GRE"]
[SourceTitle "playchess.com"]
[Source "ChessBase"]
[SourceQuality "1"]
[TimeControl "40/5400+30:1800+30"]

1. e4 e5 2. Nf3 Nc6 3. Bc4 Bc5 4. c3 Nf6 5. d3 h6 6. b4 Bd6 7. O-O O-O 8. a4 a6 9. Re1 Re8 10. Nbd2 Bf8 11. Qb3 Re7 12. d4 exd4 13. cxd4 d5 14. exd5 Rxe1+ 15. Nxe1 Nxd4 16. Qc3 Nf5 17. Rb1 Nxd5 18. Bxd5 Qxd5 19. Qxc7 Nd4 20. Qc4 Qxc4 21. Nxc4 Ne2+ 22. Kf1 Nxc1 23. Rxc1 Be6 24. Nb6 Rd8 25. b5 axb5 26. axb5 Rd6 27. Na4 Rd4 28. Nb2 Rb4 29. Ned3 Rxb5 30. Ke2 Bd6 31. h3 Ba3 32. Rc2 Bf5 33. Nd1 Rd5 34. Rc3 Bxd3+ 35. Rxd3 Rxd3 36. Kxd3 g5 37. Kc4 b6 38. Nc3 Kg7 39. Kd5 Bb4 40. Ne4 f5 41. Ng3 Kg6 42. Ke5 Bc3+ 43. Kd5 b5 44. Kc5 b4 45. Kc4 Be1 46. Ne2 Bxf2 47. Kxb4 Kh5 48. Kc4 g4 49. hxg4+ Kxg4 50. Kd3 f4 51. Ke4 Bg3 52. Ng1 Bh2 53. Nf3 Bg3 54. Ne5+ Kg5 55. Kf3 Kf5 56. Nf7 h5 57. Nd6+ Kg6 58. Ne4 Bh2 59. g3 fxg3 60. Nxg3 Bxg3 61. Kxg3 Kg5 62. Kh3 h4 63. Kg2 Kg4 64. Kh2 h3 65. Kh1 Kg3 66. Kg1 h2+ 67. Kh1 Kh3 1/2-1/2